← All builds
Suicide front / Legion / Quick factory / OBSERVED BUILD

Standard suicide front

Legion Suicide front build order · Supreme Isthmus

Quick Bot Lab into Vehicle Plant to project force at middle early with Ballista, Satyr, Decurion and Lance, transitioning into Barrage artillery and an Advanced Metal Extractor as the game develops.

#rush #raid · 55 distinct matches · 26 players · 77% of Legion Suicide front games · team won 59% of 58 · Recently observed

HOW TO PLAY IT

Key timing: Legion Vehicle Plant by 1:01

  1. Take first mex while the bot lab goes down immediately.
  2. Finish the bot lab fast to start producing early bots.
  3. Queue the vehicle plant right after for Ballista and Satyr.
  4. Push Ballista and Barrage to contest middle early.
  5. Transition into an advanced mex once T2 constructor is up.

Phase by phase

TYPICAL OF ITS 55 GAMES
  1. 1
  2. 2
  3. 3
PLAY THE OPENING

Follow the example game's first 6:00 step by step: what to build now, what comes next, and where it goes. At 1× it keeps pace with your own game.

  1. 1

    Up to the Legion Bot Lab

    Economy
    • Metal Extractor2Mex
    Order
    1. Legion Bot LabLegion Bot Lab after 2 mexdone ~0:34, middle half 0:27–0:45

    By 0:18 in all: 2 mex

    The example game in this phase · 31 steps
    1. Mex ×2
    2. PharosPharos
    3. Mex
    4. Legion Vehicle PlantLegion Vehicle Plantdone 1:01 · typical 0:43
    5. Legion Construction VehicleLegion Construction Vehicle
    6. Wind ×3
    7. Legion Construction VehicleLegion Construction Vehicle
    8. DecurionDecurion
    9. PharosPharos
    10. Mex
    11. LanceLance ×2
    12. Radar TowerRadar Tower
    13. LanceLance
    14. Mex
    15. BarrageBarrage
    16. DecurionDecurion
    17. AmputatorAmputator
    18. LanceLance ×3
    19. Mex
    20. BarrageBarrage
    21. DecurionDecurion
    22. CetusCetus
    23. DecurionDecurion
    24. Mex ×2
    25. DecurionDecurion ×3
    26. NyxNyx
    27. LanceLance ×4
    28. Mex
    29. LanceLance
    30. Legion Construction VehicleLegion Construction Vehicle ×2
    31. Legion Bot LabLegion Bot Labdone 9:57 · typical 0:34
  2. 2

    Legion Bot Lab to 5:00

    Economy
    • Metal Extractor4Mex
    • Wind Turbine6Wind
    Army
    • Pharos4 Pharos
    Other
    • Radar Tower1 Radar Tower

    Some games also: Legion Construction Bot (45%) · Zagreus (45%) · Legion Construction Vehicle (41%) · Barrage (41%) · con turret (41%)

    By 5:00 in all: 5 mex · 7 wind

  3. 3

    5:00 to 10:00

    Economy
    • Metal Extractor1Mex
    • Wind Turbine10Wind
    Builders
    • Construction Turret1 Con turret

    Some games also: Radar Tower (48%) · Pharos (43%) · energy storage (41%) · Lance (36%) · Zagreus (33%)

    By 10:00 in all: 6 mex · 19 wind · 1 energy storage · 3 con turret

    The example game in this phase · 45 steps
    1. LanceLance
    2. HeliosHelios ×2
    3. LanceLance ×2
    4. Mex
    5. ZagreusZagreus
    6. LanceLance
    7. ZagreusZagreus
    8. LanceLance
    9. ZagreusZagreus
    10. LanceLance
    11. ZagreusZagreus
    12. LanceLance
    13. PhobosPhobos
    14. KarkinosKarkinos
    15. LanceLance
    16. ZagreusZagreus
    17. PharosPharos
    18. CacophonyCacophony
    19. Mex
    20. LanceLance
    21. Mex
    22. ZagreusZagreus
    23. Energy storage
    24. LanceLance
    25. ZagreusZagreus
    26. AmputatorAmputator
    27. LanceLance
    28. Legion Construction VehicleLegion Construction Vehicle
    29. ZagreusZagreus
    30. Dragon's TeethDragon's Teeth ×4
    31. CacophonyCacophony
    32. Legion Construction VehicleLegion Construction Vehicle
    33. Dragon's TeethDragon's Teeth
    34. ZagreusZagreus
    35. Energy storage
    36. Metal storage
    37. Legion Construction VehicleLegion Construction Vehicle
    38. Metal storage
    39. PharosPharos
    40. Legion Construction VehicleLegion Construction Vehicle
    41. Con turret
    42. PharosPharos
    43. Legion Construction VehicleLegion Construction Vehicle
    44. PharosPharos
    45. Legion Construction VehicleLegion Construction Vehicle

Counts are medians over the build's games: half of them build more, half fewer. The example game is xabre's (48 OS, 28/09/2026); pick another.

Team trades

IN AT LEAST 30% OF ITS GAMES

You hand over

Nothing regular.

You get

  • Tidal Generator4 Tidal from Pondfirst at 0:11 · in 52% of games
  • Advanced Construction Bot1 T2 con bot from Geo or Techfirst at 7:31 · in 48% of games

How it plays out

Typical game of this build, running totals by minute

Metal produced

010k20k
0:005:0010:0015:00

metal

Enemy metal destroyed

05k10k
0:005:0010:0015:00

metal

Own metal lost

05k10k
0:005:0010:0015:00

metal

58 games.

Show as table
ByMetal produced: This buildEnemy metal destroyed: This buildOwn metal lost: This build
1:0029100
2:0087900
3:00181617250
4:002774459290
5:0038471092625
6:00484418481085
7:00589329401953
8:00727243292701
9:00847448643265
10:00972556044448
11:001112356744806
12:001315861295595
13:001386666067159
14:001569070087755
15:001732675898208
WHAT THE NUMBERS SAY

This aggressive opening wins more often than the role's other lines, with enemy metal destroyed well above own losses by 15:00.

  • + Enemy metal destroyed (9422) nearly doubles own metal lost (8541) by 15:00.
  • + Team wins 58% of games, strongest result among these roles.
  • − Own metal lost climbs fast early, 770 by 5:00 from committing hard.
THE EXAMPLE YOU ARE READING

xabre

47.9 OS · 28/09/2026

Open source match ↗

51 received units
473 metal received · 44854 energy received

Allied construction assistance is unknown. Timings are observations, not a promise of solo reproducibility.

Typical milestones

Legion Bot Lab0:34Middle 50%: 0:27–0:45 · n=33
Legion Vehicle Plant0:43Middle 50%: 0:30–1:02 · n=37

Played most by

XuunnY11games of this build_X_6games of this buildChancho4games of this build[crd]sisa3games of this buildxabre3games of this build